 Dungeon Crawl Stone Soup version 0.26-a0-54-g15ccc7ae60 (webtiles) character file.

Game seed: 4671492404398408624

2268 Ozzies the Fighter (level 9, -11/60 HPs)
             Began as a Gargoyle Fighter on June 7, 2020.
             Was an Elder of Cheibriados.
             Mangled by Maggie
             ... wielding a +2 glaive of distortion
              (12 damage)
             ... on level 6 of the Dungeon.
             The game lasted 00:15:11 (6215 turns).

Ozzies the Fighter (Gargoyle Fighter)               Turns: 6215, Time: 00:15:13

Health: -11/60     AC: 17    Str: 32    XL:     9   Next: 38%
Magic:  9/9        EV:  8    Int: 18    God:    Cheibriados [****..]
Gold:   264        SH: 12    Dex: 18    Spells: 8/8 levels left

rFire    . . .     SeeInvis .   D - +2 flail
rCold    + . .     Gourm    .   c - +0 kite shield
rNeg     + . .     Faith    .   v - +3 ring mail {rC+}
rPois    ∞         Spirit   .   j - +0 helmet (curse)
rElec    +         Reflect  .   (no cloak)
rCorr    .         Harm     .   (no gloves)
MR       +....                  (no boots)
Stlth    +.........             (no amulet)
HPRegen  0.20/turn              g - ring of protection from magic
MPRegen  0.11/turn              (no ring)

@: very slow
A: negative energy resistance 1, electricity resistance, unbreathing,
petrification resistance, rot immunity, AC +6
a: Bend Time, Temporal Distortion, Slouch, Renounce Religion


You were on level 6 of the Dungeon.
You worshipped Cheibriados.
Cheibriados was greatly pleased with you.
You were not hungry.

You visited 1 branch of the dungeon, and saw 6 of its levels.
You also visited: Sewer.

You collected 264 gold pieces.

Inventory:

Hand Weapons
 a - a +0 flail
 t - a +4 dagger
 x - a +1 dire flail of protection
 D - a +2 flail (weapon)
Armour
 b - a +0 scale mail
 c - a +0 kite shield (worn)
 j - a cursed +0 helmet (worn)
 v - a +3 ring mail of cold resistance (worn)
 y - a +0 plate armour
Jewellery
 g - a ring of protection from magic (left hand)
Wands
 E - a wand of clouds (7)
Scrolls
 e - 3 scrolls of fear {unknown}
 h - a scroll of remove curse {unknown}
 k - 2 scrolls of random uselessness {unknown}
 o - 6 scrolls of teleportation {unknown}
 p - 4 scrolls of identify {unknown}
 w - a scroll of magic mapping {unknown}
 z - a scroll of enchant weapon {unknown}
 A - a scroll of immolation {unknown}
 B - a scroll of amnesia {unknown}
Potions
 d - 3 potions of might
 i - a potion of degeneration {unknown}
 l - a potion of haste {unknown}
 m - 3 potions of curing
 n - 3 potions of brilliance {unknown}
 q - a potion of magic {unknown}
 r - 2 potions of cancellation {unknown}
 s - a potion of heal wounds {unknown}
 u - a potion of invisibility {unknown}
 C - a potion of flight {unknown}
Comestibles
 f - 6 rations


   Skills:
 * Level 9.3 Fighting
 - Level 7.0 Maces & Flails
 + Level 6.9 Armour
 - Level 5.0 Shields


You had 8 spell levels left.
You didn't know any spells.
Your spell library contained the following spells:

 Spells                   Type           Power        Failure   Level  Hunger
 Magic Dart               Conj           #...         71%         1    ##.....
 Blink                    Tloc           N/A          85%         2    ###....
 Call Imp                 Summ           #.......     85%         2    ###....
 Slow                     Hex            #.......     85%         2    ###....
 Conjure Flame            Conj/Fire      #.......     97%         3    ####...
 Mephitic Cloud           Conj/Pois/Air  #.......     97%         3    ####...


Dungeon Overview and Level Annotations

Branches:
Dungeon (6/15)             Temple (0/1) D:5           Sewer (visited)

Altars:
Cheibriados
Elyvilon
Gozag
Makhleb
Nemelex Xobeh
Sif Muna
Yredelemnul
Zin
The Shining One

Shops:
D:4 :

Annotations:
D:6 Maggie


Innate Abilities, Weirdness & Mutations

You are resistant to torment.
Your stone body is resilient. (AC +6)
You are immune to poison.
You resist negative energy. (rN+)
You are resistant to electric shocks. (rElec)
You can survive without breathing.
You are immune to petrification.
You are immune to rotting.


Message History

* * * LOW HITPOINT WARNING * * *
You barely miss Maggie.
Maggie is moderately wounded.
Maggie points at you and mumbles some strange words.
The bolt of fire hits you!
* * * LOW HITPOINT WARNING * * *
You closely miss Maggie.
Maggie is moderately wounded.
Maggie points at you and mumbles some strange words.
The bolt of fire misses you.
You closely miss Maggie.
Maggie is moderately wounded.
You block Maggie's attack.
You thump Maggie!
Maggie is heavily wounded.
You break out of your daze.
Maggie hits you with a +2 glaive of distortion.
* * * LOW HITPOINT WARNING * * *
Space warps horribly around you!
You die...

..###.# #.#
#.#...# #.#
#.#.#.# #.#
#.#.#.####### #.#
#.#.#........ #.
##.###.#.#########
#...###...##.#.#
......@.#..))..#
#@..##[###
##.###.# #.# #.#
#.# #.# #.# #.#
#%# #.# ).# #.#
### #.#


You could see Maggie.

Vanquished Creatures
  Grinder (D:4)
  Edmund (D:4)
  Duvessa (D:4)
  2 phantoms
  A necrophage (D:6)
  3 big kobolds (Sewer)
  A bullfrog (D:5)
  Dowan (D:4)
  A scorpion (D:6)
  A howler monkey (D:6)
  14 wights
  A bullfrog zombie (D:4)
  A jelly (D:5)
  An orc priest (D:4)
  A hound (D:4)
  2 orc wizards (D:4)
  A centaur skeleton (D:6)
  2 worker ants
  A worker ant zombie (D:5)
  A gnoll (D:1)
  13 adders
  A river rat (Sewer)
  9 oozes
  2 adder skeletons (D:4)
  5 worms
  3 dart slugs
  5 leopard geckos
  9 orcs (D:4)
  14 bats
  10 giant cockroaches
  9 goblins
  5 hobgoblins
  3 jackals (D:2)
  4 quokkas
  3 ball pythons (Sewer)
  7 frilled lizards
  19 kobolds
  8 rats
167 creatures vanquished.

Notes
Turn   | Place    | Note
-------+----------+-------------------------------------------
     0 | D:1      | Ozzies the Gargoyle Fighter began the quest for the Orb.
     0 | D:1      | Reached XP level 1. HP: 14/14 MP: 1/1
    78 | D:1      | Reached XP level 2. HP: 13/19 MP: 2/2
   320 | D:1      | Reached XP level 3. HP: 23/23 MP: 3/3
  1040 | D:2      | Reached XP level 4. HP: 23/29 MP: 4/4
  1124 | D:2      | Reached skill level 4 in Fighting
  1239 | D:2      | Found a burning altar of Makhleb.
  1241 | D:2      | Found a glowing silver altar of Zin.
  1241 | D:2      | Noticed an angel
  1242 | D:2      | Noticed a cacodemon
  1684 | D:2      | Found a sparkling altar of Nemelex Xobeh.
  1687 | D:2      | Found a snail-covered altar of Cheibriados.
  1687 | D:2      | Found a glowing golden altar of the Shining One.
  1694 | D:2      | Found a basalt altar of Yredelemnul.
  1694 | D:2      | Found a shimmering blue altar of Sif Muna.
  1754 | D:2      | Reached XP level 5. HP: 33/33 MP: 5/5
  1770 | D:2      | Found an opulent altar of Gozag.
  1848 | D:2      | Became a worshipper of Cheibriados the Contemplative
  2026 | D:3      | Found a sparkling altar of Nemelex Xobeh.
  2393 | D:3      | Reached XP level 6. HP: 38/40 MP: 6/6
  2425 | D:3      | Reached skill level 5 in Fighting
  2967 | D:3      | Reached * piety under Cheibriados
  3144 | D:4      | Noticed Grinder
  3198 | D:4      | Paralysed by Grinder for 6 turns
  3221 | D:4      | Killed Grinder
  3221 | D:4      | Reached XP level 7. HP: 23/45 MP: 7/7
  3360 | D:4      | Found Kiluxida's Book Shop.
  3381 | D:4      | Noticed Dowan
  3381 | D:4      | Noticed Duvessa
  3395 | D:4      | Killed Duvessa
  3395 | D:4      | Reached skill level 6 in Fighting
  3395 | D:4      | Reached skill level 5 in Maces & Flails
  3395 | D:4      | Reached skill level 5 in Shields
  3405 | D:4      | Killed Dowan
  3607 | D:4      | Found a glowing drain.
  3616 | Sewer    | Entered a sewer
  3738 | Sewer    | Reached skill level 5 in Armour
  3811 | Sewer    | Reached ** piety under Cheibriados
  3981 | Sewer    | Reached XP level 8. HP: 52/52 MP: 8/8
  4210 | Sewer    | Reached skill level 7 in Fighting
  4473 | D:4      | Noticed Edmund
  4497 | D:4      | Killed Edmund
  4524 | D:4      | Reached *** piety under Cheibriados
  5231 | D:5      | Entered Level 5 of the Dungeon
  5338 | D:5      | Found a white marble altar of Elyvilon.
  5449 | D:5      | Found a staircase to the Ecumenical Temple.
  5467 | D:5      | Reached skill level 8 in Fighting
  5620 | D:5      | Reached XP level 9. HP: 59/59 MP: 9/9
  6124 | D:6      | Reached skill level 9 in Fighting
  6136 | D:6      | Reached **** piety under Cheibriados
  6205 | D:6      | Noticed Maggie
  6215 | D:6      | HP: 1/60 [Maggie/+2 glaive of distortion (4)]
  6215 | D:6      | Mangled by Maggie

Illustrated notes

Levels and vault maps discovered:
D:1:      lordsloth_arrival_two_stooges, layout_rooms, serial_rivers,
          chequers_serial_rivers_large_a, chequers_serial_rivers_small_b,
          chequers_serial_rivers_marsh, chequers_serial_rivers_small_b,
          chequers_serial_rivers_micro_c
D:2:      wander_river, layout_basic, grunt_temple_overflow_order_and_chaos_2,
          lemuel_coloured_pillars_altar, minmay_overflow_temple_star_hex,
          first_ration
D:3:      layout_basic, nemelex_xobeh_ov_fountains_minmay
D:4:      layout_layer_cave, serial_shops, shop_fountains, portal_sewer_entry_d,
          minivault_26, minmay_misc_feat_roman, uniq_grinder, uniq_edmund,
          uniq_duvessa
D:5:      layout_cave_pools, minmay_temple_entry_statues_fountains,
          elyvilon_altar_5
D:6:      layout_loops_ring, kennysheep_little_box, hangedman_decor_riveting,
          uniq_maggie

Skill      XL: |  1  2  3  4  5  6  7  8  9 |
---------------+----------------------------+-----
Fighting       | 4 5 6 8 9 |  9.3
Shields        | 4 5 |  5.0
Maces & Flails | 3 4 5 6 7 |  7.0
Armour         | 4 5 6 |  6.9

Action                   |  1- 3 |  4- 6 |  7- 9 || total
-------------------------+-------+-------+-------++-------
Melee: Flail             |   180 |   272 |   399 ||   851
  Eat: Chunk             |     1 |     4 |     6 ||    11
       Ration            |       |     1 |       ||     1
Armor: Scale mail        |   169 |   152 |    87 ||   408
       Ring mail         |       |       |    78 ||    78
Dodge: Dodged            |   103 |    67 |   123 ||   293
Block: Kite shield       |   157 |   136 |   251 ||   544

Table legend:
 A = Non-vault XP
 B = Vault XP
 C = Vault XP percentage of total XP
 D = Non-vault monster count
 E = Vault monster count
 F = Vault count percentage of total count
                 A         B        C        D         E       F
            +---------+---------+-------+---------+---------+-------
      Total |    2117 |    1123 |  34.7 |     134 |      33 |  19.8
            +---------+---------+-------+---------+---------+-------
        D:1 |      64 |       0 |   0.0 |      33 |       0 |   0.0
        D:2 |     105 |       0 |   0.0 |      31 |       0 |   0.0
        D:3 |     334 |       0 |   0.0 |      20 |       0 |   0.0
        D:4 |     462 |     696 |  60.1 |      23 |       5 |  17.9
        D:5 |     271 |       0 |   0.0 |       8 |       0 |   0.0
        D:6 |     881 |       0 |   0.0 |      19 |       0 |   0.0
      Sewer |       0 |     427 | 100.0 |       0 |      28 | 100.0
            +---------+---------+-------+---------+---------+-------
